MLB
COLORADO ROCKIES @ MILWAUKEE BREWERS
08/06/2045
 
TOP OF THE 1ST
Colorado Rockies batting - Pitching for Milwaukee Brewers : RHP Chitoji Takemoto
Pitching: RHP Chitoji Takemoto
Batting: SHB Jon Munoz 0-0: Ball
1-0: SINGLE (Groundball, 3S, EV 62.5 MPH) (infield hit)
Batting: RHB Roberto Rodriguez 0-0: Fly out, F5 (Flyball, 5D, EV 85.0 MPH)
Batting: RHB Joel Haycock 0-0: Ball
1-0: Called Strike
1-1: Swinging Strike
1-2: Foul Ball, location: 2F
1-2: Strikes out looking
Batting: SHB Chris Blue 0-0: Called Strike
0-1: Ball
1-1: Foul Ball, location: 2F
1-2: Ball
2-2: Foul Ball, location: 2F
2-2: Strikes out swinging
Top of the 1st over - 0 runs, 1 hit, 0 errors, 1 left on base; Colorado 0 - Milwaukee 0
BOTTOM OF THE 1ST
Milwaukee Brewers batting - Pitching for Colorado Rockies : RHP Link Zeller
Pitching: RHP Link Zeller
Batting: SHB Jamel Wright 0-0: Swinging Strike
0-1: Fly out, F7 (Line Drive, 7, EV 97.5 MPH)
Batting: RHB Daniel Donovan 0-0: Swinging Strike
0-1: Swinging Strike
0-2: Strikes out swinging
Batting: SHB Lewis Thorpe Jr. 0-0: Ground out 5-3 (Groundball, 56, EV 104.4 MPH)
Bottom of the 1st over - 0 runs, 0 hits, 0 errors, 0 left on base; Colorado 0 - Milwaukee 0
TOP OF THE 2ND
Colorado Rockies batting - Pitching for Milwaukee Brewers : RHP Chitoji Takemoto
Batting: RHB Wen-hua Lei 0-0: Called Strike
0-1: Ground out 5-3 (Groundball, 5S, EV 62.5 MPH)
Batting: LHB Fabiano Perrolas 0-0: Foul Ball, location: 2F
0-1: Ground out 6-3 (Groundball, 6, EV 101.2 MPH)
Batting: RHB Jason Andrews 0-0: Ball
1-0: Fly out, F3 (Popup, 34, EV 79.4 MPH)
Top of the 2nd over - 0 runs, 0 hits, 0 errors, 0 left on base; Colorado 0 - Milwaukee 0
BOTTOM OF THE 2ND
Milwaukee Brewers batting - Pitching for Colorado Rockies : RHP Link Zeller
Batting: SHB Jason Woods 0-0: Ball
1-0: Ball
2-0: Called Strike
2-1: Swinging Strike
2-2: Ball
3-2: Foul Ball, location: 2F
3-2: Foul Ball, location: 2F
3-2: Base on Balls
Batting: RHB Bobby Muniz 0-0: Foul Ball, location: 2F
0-1: Ball
1-1: Called Strike
1-2: Ball
2-2: Strikes out swinging
Batting: SHB Jean-François Bernard 0-0: Called Strike
0-1: Ball
1-1: Grounds into double play, 4-6-3 (Groundball, 34D, EV 81.9 MPH)
Bottom of the 2nd over - 0 runs, 0 hits, 0 errors, 0 left on base; Colorado 0 - Milwaukee 0
TOP OF THE 3RD
Colorado Rockies batting - Pitching for Milwaukee Brewers : RHP Chitoji Takemoto
Batting: RHB Kian-tat Chen 0-0: Ball
1-0: Called Strike
1-1: Foul Ball, location: 2F
1-2: Strikes out swinging
Batting: RHB Devine Adams 0-0: Ball
1-0: Ground out 6-3 (Groundball, 6, EV 104.4 MPH)
Batting: SHB Jon Munoz 0-0: DOUBLE (Line Drive, 89D, EV 103.8 MPH)
Batting: RHB Roberto Rodriguez 0-0: Ball
1-0: Ball
2-0: Fly out, F7 (Flyball, 7LS, EV 89.4 MPH)
Top of the 3rd over - 0 runs, 1 hit, 0 errors, 1 left on base; Colorado 0 - Milwaukee 0
BOTTOM OF THE 3RD
Milwaukee Brewers batting - Pitching for Colorado Rockies : RHP Link Zeller
Batting: RHB Noah Stanley 0-0: Called Strike
0-1: Ball
1-1: Foul Ball, location: 2F
1-2: Foul Ball, location: 2F
1-2: Fly out, F8 (Line Drive, 8RD, EV 96.2 MPH)
Batting: RHB Kisho Ito 0-0: Called Strike
0-1: Fly out, F8 (Flyball, 78M, EV 82.5 MPH)
Batting: RHB Ben Campbell 0-0: Ball
1-0: Swinging Strike
1-1: Ball
2-1: Foul Ball, location: 2F
2-2: Ball
3-2: Base on Balls
Batting: SHB Jamel Wright 0-0: Foul Ball, location: 2F
0-1: Ball
1-1: Ball
2-1: Ground out 1-3 (Groundball, 15S, EV 75.6 MPH)
Bottom of the 3rd over - 0 runs, 0 hits, 0 errors, 1 left on base; Colorado 0 - Milwaukee 0
TOP OF THE 4TH
Colorado Rockies batting - Pitching for Milwaukee Brewers : RHP Chitoji Takemoto
Batting: RHB Joel Haycock 0-0: Ball
1-0: Fly out, F7 (Line Drive, 7, EV 93.8 MPH)
Batting: SHB Chris Blue 0-0: Called Strike
0-1: Fly out, F8 (Flyball, 8LXD, EV 95.6 MPH)
Batting: RHB Wen-hua Lei 0-0: SINGLE (Flyball, 6D, EV 95.0 MPH)
Batting: LHB Fabiano Perrolas 0-0: Fly out, F9 (Flyball, 9D, EV 95.6 MPH)
Top of the 4th over - 0 runs, 1 hit, 0 errors, 1 left on base; Colorado 0 - Milwaukee 0
BOTTOM OF THE 4TH
Milwaukee Brewers batting - Pitching for Colorado Rockies : RHP Link Zeller
Batting: RHB Daniel Donovan 0-0: Called Strike
0-1: Ball
1-1: Swinging Strike
1-2: Ball
2-2: DOUBLE (Line Drive, 7LS, EV 90.6 MPH)
Batting: SHB Lewis Thorpe Jr. 0-0: Called Strike
0-1: Called Strike
0-2: Foul Ball, location: 2F
0-2: Ball
Passed Ball!
Daniel Donovan to third
1-2: Foul Ball, location: 2F
1-2: Foul Ball, location: 2F
1-2: Ball
2-2: Ball
3-2: Fly out, F4 (Flyball, 3D, EV 88.1 MPH)
Batting: SHB Jason Woods 0-0: DOUBLE (Line Drive, 9LS, EV 101.9 MPH)
Daniel Donovan scores
Batting: RHB Bobby Muniz 0-0: Ball
1-0: Ball
2-0: Swinging Strike
2-1: Ball
3-1: Base on Balls
Batting: SHB Jean-François Bernard 0-0: Ball
1-0: Foul Ball, location: 2F
1-1: Ball
2-1: Ball
3-1: Swinging Strike
3-2: Fielders Choice at 2nd, 2-6 (Groundball, 13S, EV 71.2 MPH)
Jason Woods to third
Batting: RHB Noah Stanley 0-0: Ball
1-0: Swinging Strike
1-1: Ball
2-1: Fielders Choice at 2nd, 5-4 (Groundball, 5, EV 98.8 MPH)
Bottom of the 4th over - 1 run, 2 hits, 0 errors, 2 left on base; Colorado 0 - Milwaukee 1
TOP OF THE 5TH
Colorado Rockies batting - Pitching for Milwaukee Brewers : RHP Chitoji Takemoto
Batting: RHB Jason Andrews 0-0: Ball
1-0: Ball
2-0: Ball
3-0: Called Strike
3-1: SINGLE (Flyball, 9S, EV 93.8 MPH)
Batting: RHB Kian-tat Chen 0-0: Called Strike
0-1: Swinging Strike
0-2: Ball
1-2: Strikes out swinging
Batting: RHB Devine Adams 0-0: Ball
1-0: Ball
2-0: Called Strike
2-1: Ball
3-1: Fly out, F7 (Flyball, 78D, EV 96.2 MPH)
Batting: SHB Jon Munoz 0-0: Fly out, F7 (Line Drive, 7D, EV 93.1 MPH)
Top of the 5th over - 0 runs, 1 hit, 0 errors, 1 left on base; Colorado 0 - Milwaukee 1
BOTTOM OF THE 5TH
Milwaukee Brewers batting - Pitching for Colorado Rockies : RHP Link Zeller
Batting: RHB Kisho Ito 0-0: Called Strike
0-1: Ball
1-1: Ball
2-1: Ball
3-1: Base on Balls
Batting: RHB Ben Campbell 0-0: Ball
1-0: Ball
2-0: Foul Ball, location: 2F
2-1: Swinging Strike
2-2: Strikes out swinging
Batting: SHB Jamel Wright 0-0: Swinging Strike
0-1: Fly out, F7 (Flyball, 78D, EV 109.4 MPH)
Batting: RHB Daniel Donovan 0-0: Ball
1-0: Foul Ball, location: 2F
1-1: Ball
2-1: DOUBLE (Line Drive, 3D, EV 99.4 MPH)
Kisho Ito to third
Batting: SHB Lewis Thorpe Jr. 0-0: Ball
1-0: Ground out 6-3 (Groundball, 56D, EV 100.6 MPH)
Bottom of the 5th over - 0 runs, 1 hit, 0 errors, 2 left on base; Colorado 0 - Milwaukee 1
TOP OF THE 6TH
Colorado Rockies batting - Pitching for Milwaukee Brewers : RHP Chitoji Takemoto
Batting: RHB Roberto Rodriguez 0-0: Called Strike
0-1: Foul Ball, location: 2F
0-2: Foul Ball, location: 2F
0-2: Foul Ball, location: 2F
0-2: Foul Ball, location: 2F
0-2: Ground out 6-3 (Groundball, 6, EV 89.4 MPH)
Batting: RHB Joel Haycock 0-0: Ball
1-0: Called Strike
1-1: Foul Ball, location: 2F
1-2: Ball
2-2: SINGLE (Groundball, 6D, EV 98.8 MPH)
Batting: SHB Chris Blue 0-0: Ball
1-0: Ball
2-0: Grounds into double play, 4-6-3 (Groundball, 4, EV 89.4 MPH)
Top of the 6th over - 0 runs, 1 hit, 0 errors, 0 left on base; Colorado 0 - Milwaukee 1
BOTTOM OF THE 6TH
Milwaukee Brewers batting - Pitching for Colorado Rockies : RHP Link Zeller
Batting: SHB Jason Woods 0-0: Called Strike
0-1: Ball
1-1: Called Strike
1-2: SINGLE (Line Drive, 9S, EV 93.8 MPH)
Batting: RHB Bobby Muniz 0-0: Called Strike
0-1: DOUBLE (Line Drive, 89D, EV 106.9 MPH)
Jason Woods to third
Batting: SHB Jean-François Bernard 0-0: Ground out 4-3 (Groundball, 4, EV 85.0 MPH)
Batting: RHB Noah Stanley 0-0: Ball
1-0: Ball
2-0: Ball
3-0: Base on Balls
Batting: RHB Kisho Ito 0-0: Called Strike
0-1: Ball
1-1: Foul Ball, location: 2F
1-2: Ball
2-2: Ball
3-2: TRIPLE (Flyball, 89D, EV 101.2 MPH)
Jason Woods scores
Bobby Muniz scores
Noah Stanley scores
Pitching: RHP Victor Walshe
Batting: RHB Ben Campbell 0-0: Called Strike
0-1: Fly out, F7 (Flyball, 7, EV 98.1 MPH)
Batting: SHB Jamel Wright 0-0: Ball
1-0: Ball
2-0: Foul Ball, location: 2F
2-1: Foul Ball, location: 2F
2-2: Foul Ball, location: 2F
2-2: TRIPLE (Flyball, 9LD, EV 106.9 MPH)
Kisho Ito scores
Batting: RHB Daniel Donovan 0-0: Ball
1-0: Ball
2-0: Foul Ball, location: 2F
2-1: Ground out 6-3 (Groundball, 6S, EV 83.1 MPH)
Bottom of the 6th over - 4 runs, 4 hits, 0 errors, 1 left on base; Colorado 0 - Milwaukee 5
TOP OF THE 7TH
Colorado Rockies batting - Pitching for Milwaukee Brewers : RHP Chitoji Takemoto
Batting: RHB Wen-hua Lei 0-0: Ball
1-0: Ball
2-0: Ball
3-0: Called Strike
3-1: Called Strike
3-2: Foul Ball, location: 2F
3-2: Foul Ball, location: 2F
3-2: Strikes out looking
Batting: LHB Fabiano Perrolas 0-0: Ball
1-0: Ball
2-0: Ball
3-0: Called Strike
3-1: SINGLE (Groundball, 34D, EV 102.5 MPH)
Batting: RHB Jason Andrews 0-0: Ball
1-0: Grounds into double play, 5-4-3 (Groundball, 56, EV 83.8 MPH)
Top of the 7th over - 0 runs, 1 hit, 0 errors, 0 left on base; Colorado 0 - Milwaukee 5
BOTTOM OF THE 7TH
Milwaukee Brewers batting - Pitching for Colorado Rockies : RHP Victor Walshe
Batting: SHB Lewis Thorpe Jr. 0-0: Foul Ball, location: 2F
0-1: Ball
1-1: Foul Ball, location: 2F
1-2: Ground out 4-3 (Groundball, 4, EV 106.2 MPH)
Batting: SHB Jason Woods 0-0: Called Strike
0-1: Foul Ball, location: 2F
0-2: Strikes out swinging
Batting: RHB Bobby Muniz 0-0: Ball
1-0: Called Strike
1-1: Ground out 5-3 (Groundball, 56S, EV 68.1 MPH)
Bottom of the 7th over - 0 runs, 0 hits, 0 errors, 0 left on base; Colorado 0 - Milwaukee 5
TOP OF THE 8TH
Colorado Rockies batting - Pitching for Milwaukee Brewers : RHP Chitoji Takemoto
Batting: RHB Kian-tat Chen 0-0: SINGLE (Groundball, P, EV 85.6 MPH) (infield hit)
Batting: RHB Devine Adams 0-0: Ball
1-0: Grounds into double play, 6-4-3 (Groundball, 6, EV 101.2 MPH)
Batting: SHB Jon Munoz 0-0: Ball
1-0: Ball
2-0: Foul Ball, location: 2F
2-1: Foul Ball, location: 2F
2-2: Foul Ball, location: 2F
2-2: Ball
3-2: Base on Balls
Batting: RHB Roberto Rodriguez 0-0: Foul Ball, location: 2F
0-1: Ball
1-1: Called Strike
1-2: Ball
2-2: Strikes out looking
Top of the 8th over - 0 runs, 1 hit, 0 errors, 1 left on base; Colorado 0 - Milwaukee 5
BOTTOM OF THE 8TH
Milwaukee Brewers batting - Pitching for Colorado Rockies : RHP Victor Walshe
Batting: SHB Jean-François Bernard 0-0: Ball
1-0: Foul Ball, location: 2F
1-1: Called Strike
1-2: Fly out, F7 (Flyball, 78XD, EV 91.9 MPH)
Batting: RHB Noah Stanley 0-0: Ball
1-0: Ball
2-0: Ball
3-0: Called Strike
3-1: Foul Ball, location: 2F
3-2: Strikes out swinging
Batting: RHB Kisho Ito 0-0: Ball
1-0: Ground out U3 (Groundball, 34S, EV 84.4 MPH)
Bottom of the 8th over - 0 runs, 0 hits, 0 errors, 0 left on base; Colorado 0 - Milwaukee 5
TOP OF THE 9TH
Colorado Rockies batting - Pitching for Milwaukee Brewers : RHP Chitoji Takemoto
Batting: RHB Joel Haycock 0-0: Called Strike
0-1: Foul Ball, location: 2F
0-2: Ball
1-2: Ball
2-2: Ball
3-2: Fly out, F7 (Flyball, 78S, EV 90.0 MPH)
Batting: SHB Chris Blue 0-0: Ground out U3 (Groundball, 34, EV 105.0 MPH)
Batting: RHB Wen-hua Lei 0-0: Ball
1-0: Foul Ball, location: 2F
1-1: Ball
2-1: Swinging Strike
2-2: Fly out, F8 (Line Drive, 8LD, EV 93.1 MPH)
Top of the 9th over - 0 runs, 0 hits, 0 errors, 0 left on base; Colorado 0 - Milwaukee 5
Wednesday, June 22nd , 2022 - OOTP Baseball 23.4 Build 64